 Dungeon Crawl Stone Soup version 0.13-a0-1638-g9943704 (webtiles) character file.

277 HowlyKow the Covered (level 5, -3/44 HPs)
             Began as a Minotaur Monk on June 17, 2013.
             Slain by Prince Ribbit (9 damage)
             ... on Level 4 of the Dungeon.
             The game lasted 00:17:45 (3034 turns).

HowlyKow the Covered (Minotaur Monk)                Turns: 3034, Time: 00:17:45

HP  -3/44        AC  7     Str 16      XL: 5   Next: 82%
MP   1/1         EV  8     Int  7      God:
Gold 35          SH  0     Dex 13      Spells:  0 memorised,  4 levels left

Res.Fire  : . . .   See Invis. : .   t - +0,+1 war axe
Res.Cold  : . . .   Warding    : .   d - -1 orc scale mail
Life Prot.: . . .   Conserve   : .   (no shield)
Res.Poison: .       Res.Corr.  : .   (helmet restricted)
Res.Elec. : .       Clarity    : .   s - +0 cloak (curse)
Sust.Abil.: . .     Spirit.Shd : .   (no gloves)
Res.Mut.  : .       Stasis     : +   (no boots)
Res.Rott. : .       Flight     : .   g - amulet of stasis
Saprovore : . . .                    (no ring)
                                     (no ring)

@: slightly resistant to hostile enchantments, extremely unstealthy
A: retaliatory headbutt, horns 2
a: no special abilities


You were on level 4 of the Dungeon.
You were not hungry.

You visited 1 branch of the dungeon, and saw 4 of its levels.

You collected 35 gold pieces.

Inventory:

Hand weapons
 t - a +0,+1 war axe (weapon)
Armour
 d - a -1 orcish scale mail (worn)
 k - a +1 leather armour
 s - a cursed +0 cloak (worn)
Magical devices
 w - a wand of confusion (6)
Comestibles
 b - 4 bread rations
 i - a meat ration
Scrolls
 c - a scroll of magic mapping
 f - a scroll of fear
 h - 5 scrolls of remove curse
 j - 3 scrolls of identify
 v - 3 scrolls of teleportation
Jewellery
 g - an amulet of stasis (around neck)
Potions
 l - a potion of degeneration {unknown}
 n - a potion of brilliance {unknown}
 o - 2 potions of curing
 p - a potion of restore abilities {unknown}
 q - 2 potions of paralysis {unknown}
 r - a potion of heal wounds {unknown}
Books
 a - a book of Clouds

   Spells                             Type                      Level
   Mephitic Cloud                     Conjuration/Poison/Air       3
   Conjure Flame                      Conjuration/Fire             3
   Poisonous Cloud                    Conjuration/Poison/Air       6
   Freezing Cloud                     Conjuration/Ice/Air          6
   Ring of Flames                     Charms/Fire                  7


   Skills:
 - Level 3.6 Fighting
 * Level 4.5 Axes
 * Level 4.9 Armour
 - Level 3.2 Dodging
 - Level 1.5 Stealth
 - Level 4.3 Unarmed Combat


You had 4 spell levels left.
You didn't know any spells.

Dungeon Overview and Level Annotations

Branches:
Dungeon (4/27)
 Temple: D:4-7

Altars:
Jiyva

Annotations
D:4 Prince Ribbit


Innate Abilities, Weirdness & Mutations

You reflexively headbutt those who attack you in melee.
You have a pair of horns on your head.


Message History

Prince Ribbit comes into view.
Prince Ribbit croaks.
Prince Ribbit blinks!
Prince Ribbit hits you but does no damage.
You miss Prince Ribbit.
Prince Ribbit blinks!
You slash Prince Ribbit! Your headbutt misses Prince Ribbit.
Prince Ribbit is moderately wounded.
Prince Ribbit hits you!
You closely miss Prince Ribbit.
Prince Ribbit is moderately wounded.
Prince Ribbit hits you! Prince Ribbit hits you.
You slash Prince Ribbit! You punch Prince Ribbit.
Prince Ribbit is severely wounded.
Prince Ribbit hits you!
* * * LOW HITPOINT WARNING * * *
Prince Ribbit hits you.
* * * LOW HITPOINT WARNING * * *
Prince Ribbit catches a fly with his tongue.
Prince Ribbit hits you!
You die...

.....# .....# .....# ##
.....# .. . .....# ##. .
##..## #.. .### ....# # #.#
..... ....# #.#.# ...♣♣
##..# #..@###..♣# #..#
###.F....♣# ##..#
###.##.♣## ....#
##.#.##..♣♣♣.
#...###########...........♣
............((..(.)....♣♣♣.
#...###########.......♣##
....# #.......♣# ###.#
#.......♣#


You could see Prince Ribbit.

Vanquished Creatures
  A giant frog skeleton (D:4)
  Crazy Yiuf (D:2)
  A worker ant (D:4)
  Jessica (D:2)
  A jelly (D:3)
  Terence (D:2)
  An adder (D:2)
  A worm (D:4)
  A giant eyeball (D:4)
  3 giant geckos
  An ooze (D:2)
  An orc (D:3)
  2 ball pythons
  11 bats
  4 giant cockroaches
  4 goblins
  10 hobgoblins
  7 kobolds
  A quokka (D:3)
  6 giant newts
  6 rats
65 creatures vanquished.

Notes
Turn   | Place    | Note
--------------------------------------------------------------
     0 | D:1      | HowlyKow, the Minotaur Monk, began the quest for the Orb.
     0 | D:1      | Reached XP level 1. HP: 17/17 MP: 0/0
   180 | D:1      | Reached skill level 1 in Armour
   194 | D:1      | Reached skill level 1 in Axes
   217 | D:1      | Reached XP level 2. HP: 24/24 MP: 0/0
   830 | D:2      | Noticed Jessica
   839 | D:2      | Killed Jessica
   839 | D:2      | Reached XP level 3. HP: 15/30 MP: 1/1
   991 | D:2      | Noticed Terence
  1323 | D:2      | Reached XP level 4. HP: 33/37 MP: 1/1
  1602 | D:3      | Found a viscous altar of Jiyva.
  1846 | D:2      | Killed Terence
  1973 | D:2      | Noticed Crazy Yiuf
  1994 | D:2      | Killed Crazy Yiuf
  1994 | D:2      | Reached XP level 5. HP: 5/44 MP: 1/1
  2560 | D:3      | HP: 2/44 [acid (9)]
  2885 | D:4      | Paralysed by a giant eyeball for 3 turns
  3027 | D:4      | Noticed Prince Ribbit
  3034 | D:4      | Slain by Prince Ribbit

Action                   |  1- 3 |  4- 6 || total
-------------------------+-------+-------++-------
Melee: Hand axe          |    75 |    24 ||    99
       War axe           |       |    63 ||    63
  Use: Scroll            |       |    11 ||    11
 Stab: Sleeping          |     1 |     1 ||     2
